 Dungeon Crawl Stone Soup version 0.23-a0-636-g0ff6057 (webtiles) character file.

5604 mhoghedin the Slicer (level 11, -3/72 (73) HPs)
             Began as a Kobold Berserker on Dec 29, 2018.
             Was an Elder of Trog.
             Slain by a death yak (28 damage)
             ... on level 9 of the Dungeon.
             The game lasted 00:26:06 (9947 turns).

mhoghedin the Slicer (Kobold Berserker)             Turns: 9947, Time: 00:26:06

HP:   -3/72 (73)    AC:  7    Str: 17    XL:     11   Next: 3%
MP:   11/11         EV: 17    Int: 10    God:    Trog [****..]
Gold: 65            SH:  0    Dex: 21    Spells: 10/10 levels left

rFire    + . .     SeeInvis +   n - +6 short sword "Ylempaw" {drain, Dex+3}
rCold    + . .     Gourm    .   (shield restricted)
rNeg     . . .     Faith    .   l - +2 robe {MR+}
rPois    +         Spirit   .   f - +2 helmet
rElec    +         Reflect  .   (no cloak)
rCorr    +         Harm     .   (no gloves)
MR       ++++.                  (no boots)
Stlth    +++++.....             (no amulet)
HPRegen  1.22/turn              h - ring of protection from magic {MR+, !d}
MPRegen  0.12/turn              a - ring of Ukukh {Dex+4 SInv}

@: resistant, regenerating
A: small, carnivore
a: Berserk, Trog's Hand, Brothers in Arms, Renounce Religion


You were on level 9 of the Dungeon.
You worshipped Trog.
Trog was greatly pleased with you.
You were full.

You visited 1 branch of the dungeon, and saw 9 of its levels.

You collected 561 gold pieces.
You spent 496 gold pieces at shops.

Inventory:

Hand Weapons
 n - the +6 short sword "Ylempaw" (weapon) {drain, Dex+3}
   (You took it off an orc on level 6 of the Dungeon)

   A truly terrible weapon, it drains the life of those it strikes.
   It affects your dexterity (+3).
Missiles
 q - 8 tomahawks of dispersal {=f}
 v - 2 curare-tipped needles
Armour
 f - a +2 helmet (worn)
   (You found it on level 1 of the Dungeon)
 l - a +2 robe of magic resistance (worn)
   (You took it off a goblin on level 3 of the Dungeon)
Jewellery
 a - the ring of Ukukh (right hand) {Dex+4 SInv}
   (You bought it in a shop on level 8 of the Dungeon)

   [ring of dexterity]

   It affects your dexterity (+4).
   It lets you see invisible.
 h - a ring of protection from magic (left hand) {MR+, !d}
   (You found it on level 2 of the Dungeon)
Scrolls
 d - 7 scrolls of identify
 e - 4 scrolls of remove curse
 g - a scroll of enchant armour
 j - 3 scrolls of teleportation
 m - a scroll of fear {unknown}
 o - a scroll of summoning {unknown}
 s - a scroll of vulnerability {unknown}
 u - a scroll of enchant weapon {unknown}
Potions
 i - 2 potions of brilliance {unknown}
 k - a potion of heal wounds
 p - 2 potions of curing
 r - a potion of haste {unknown}
 t - a potion of flight {unknown}
Comestibles
 c - 9 rations


   Skills:
 + Level 10.4 Fighting
 - Level 12.1 Short Blades
 - Level 1.5 Armour
 + Level 4.1 Dodging
 - Level 12.0 Stealth


You had 10 spell levels left.
You didn't know any spells.
Your spell library was empty.

Dungeon Overview and Level Annotations

Branches:
Dungeon (9/15)             Temple (0/1) D:4            Lair (0/6) D:9
    Orc: D:9-12

Altars:
Cheibriados
Gozag
Nemelex Xobeh
Sif Muna
Wu Jian
Xom

Shops:
D:4 %   D:8 ?(:=

Annotations:
D:3 exclusions: door and 1 more exclusion, Grinder


Innate Abilities, Weirdness & Mutations

You are small and have problems with some larger weapons.
You are carnivorous and can eat meat at any time.


Message History

Trog accepts your kill.
No target in view!
d - 7 scrolls of identify (gained 1)
The death yak is too close now for your liking.
A death yak is nearby!
A death yak is nearby!
Found a ration and 14 gold pieces.
Found a stone staircase leading down.
Found a staircase to the Lair.
A death yak and a gnoll come into view.
The gnoll shouts!
You hear a shout!
The death yak gores you.
You take 2 damage, and have 65/67 hp.
A gnoll comes into view. It is wielding a +0 spear.
The death yak snorts and paws the ground.
Health restored: 67 You open the door.
The death yak completely misses you.
There is an open door here.
You aren't carrying any items that you can evoke.
Unknown command.
You hit the gnoll but do no damage. The gnoll closely misses you.
You puncture the gnoll! You drain the gnoll! You hit the gnoll.
You kill the gnoll!
Trog accepts your kill. The death yak gores you!
You take 9 damage, and have 58/67 hp.
A red film seems to cover your vision as you go berserk!
You feel yourself moving faster!
You feel mighty!
You feel quite a bit less full.
The death yak gores you but does no damage.
You now have 88/100 hp.
You hit the death yak. You puncture the death yak! You drain the death yak!
You barely miss the death yak. The death yak closely misses you.
You hit the death yak but do no damage. You drain the death yak!
You hit the death yak but do no damage. You hit the death yak.
You drain the death yak! The death yak gores you.
You take 1 damage, and have 87/100 hp.
You hit the death yak. You drain the death yak! You puncture the death yak!
You drain the death yak! You puncture the death yak! You drain the death yak!
The death yak closely misses you.
You impale the death yak!!
You kill the death yak!
Trog accepts your kill.
Training target 12.0 for Short Blades reached!
Your Short Blades skill increases to level 12!
Your Dodging skill increases to level 4!
You have reached level 11!
You regained 7 hp, and now have 95/108 hp.
MP restored: 11 You start resting.
You feel a strong urge to attack something.
Unknown command.
You start resting.
You feel your anger nearly subside.
You are no longer berserk.
You are exhausted.
You feel yourself slow down.
You now have 63/72 hp.
You start resting.
A gnoll sergeant comes into view.
It is wielding a +1 trident of protection.
You regained 4 hp, and now have 67/72 hp.
You close the door.
You start resting.
Health restored: 72 You start waiting.
You feel yourself speed up.
You open the door.
There is an open door here.
You see here a +0 flail.
You now have 65 gold pieces (gained 13). 2 death yaks come into view.
The death yak bellows!
You hear a bellow! 2 death yaks come into view.
You recover from your berserk rage.
The death yak gores you!!
You take 27 damage, and have 45/72 hp.
MASSIVE DAMAGE!!
There is a stone staircase leading down here.
You open the door. The death yak misses you. The death yak gores you!
You take 7 damage, and have 38/72 hp.
There is an open door here.
You see here a black bear corpse.
It was a potion of resistance.
You feel protected. The death yak gores you!!
* * * LOW HITPOINT WARNING * * *
You take 21 damage, and have 19/72 hp.
MASSIVE DAMAGE!!
Unknown command.
Unknown command.
Your skin crawls.
You feel resistant to hostile enchantments.
You feel somewhat less full. The death yak gores you.
* * * LOW HITPOINT WARNING * * *
You feel the effects of Trog's Hand fading.
You regained 2 hp, and now have 22/72 hp.
You fail to use your ability.
The death yak gores you!!
You die...

.....####.#####......'.+##
..... #.# #.....#...#
##### #.# #.....##### #.#
#.....# #Y# #.....# #.#
#.....# #Y# #Y# #@# #.#
#.# #.# #.# #.# #.# #.#


You could see 3 death yaks.

Vanquished Creatures
  A two-headed ogre (D:8)
  A death yak (D:9)
  The ghost of Killmatronix the Chopper, a novice NaFi of Trog (D:8)
  A hippogriff (D:7)
  Sigmund (D:2)
  A human (D:8)
  3 orc warriors
  3 ice beasts
  A black bear (D:9)
  4 ogres
  2 necrophages (D:7)
  2 centaurs
  An eye of draining (D:9)
  A crocodile (D:7)
  3 big kobolds (D:8)
  4 bullfrogs
  2 scorpions
  3 howler monkeys
  A centaur zombie (D:4)
  2 crimson imps
  4 hounds
  5 orc priests
  A jelly (D:5)
  10 orc wizards
  3 worker ants
  Natasha (thrice) (D:4)
  3 iguanas
  A killer bee zombie (D:6)
  A hound skeleton (D:4)
  2 worker ant zombies
  4 gnolls
  13 adders
  A shadow imp (D:6)
  2 adder skeletons
  3 worms
  2 dart slugs
  6 leopard geckos
  29 orcs
  A ball python (D:2)
  6 bats
  8 giant cockroaches
  7 goblins
  11 hobgoblins
  5 jackals (D:7)
  6 kobolds
  4 quokkas
  8 frilled lizards
  A jackal skeleton (D:6)
  A leopard gecko skeleton (D:5)
  A leopard gecko zombie (D:6)
  A quokka zombie (D:8)
  5 rats
196 creatures vanquished.

Vanquished Creatures (collateral kills)
  2 big kobolds (D:8)
2 creatures vanquished.

Grand Total: 198 creatures vanquished

Notes
Turn   | Place    | Note
-------+----------+-------------------------------------------
     0 | D:1      | mhoghedin the Kobold Berserker began the quest for the Orb.
     0 | D:1      | Reached XP level 1. HP: 14/14 MP: 1/1
   182 | D:1      | Reached skill level 1 in Stealth
   197 | D:1      | Reached XP level 2. HP: 9/19 MP: 2/2
   922 | D:1      | Reached XP level 3. HP: 24/24 MP: 3/3
   986 | D:1      | Reached skill level 2 in Stealth
  1721 | D:2      | Found a sparkling altar of Nemelex Xobeh.
  1730 | D:2      | Reached XP level 4. HP: 29/29 MP: 4/4
  1740 | D:2      | Reached skill level 4 in Fighting
  1774 | D:2      | Noticed a phantom
  1796 | D:2      | HP: 1/29 [phantom (10)]
  1859 | D:2      | Reached ** piety under Trog
  2033 | D:2      | Noticed Sigmund
  2043 | D:2      | Killed Sigmund
  2043 | D:2      | Reached skill level 5 in Short Blades
  2043 | D:2      | Reached skill level 4 in Stealth
  2043 | D:2      | Reached XP level 5. HP: 34/34 MP: 5/5
  2043 | D:2      | Reached XP level 6. HP: 40/40 MP: 6/6
  2760 | D:3      | Reached skill level 6 in Short Blades
  2765 | D:3      | Reached skill level 5 in Fighting
  2867 | D:3      | Found an ornate altar of the Wu Jian Council.
  2990 | D:3      | Reached skill level 5 in Stealth
  2990 | D:3      | Noticed Grinder
  3031 | D:3      | HP: 10/40 [rat (2)]
  3042 | D:3      | HP: 6/40 [orc/+0 dagger (5)]
  3900 | D:4      | Noticed Natasha
  3945 | D:4      | Reached XP level 7. HP: 44/44 MP: 7/7
  3948 | D:4      | Killed Natasha
  4041 | D:4      | Noticed Natasha
  4052 | D:4      | Found Reshra Qiecs's Food Shop.
  4100 | D:4      | Reached skill level 7 in Short Blades
  4100 | D:4      | Reached skill level 6 in Stealth
  4144 | D:4      | Found a staircase to the Ecumenical Temple.
  4364 | D:4      | Killed Natasha
  4364 | D:4      | Reached skill level 6 in Fighting
  4697 | D:4      | Reached XP level 8. HP: 51/51 MP: 8/8
  4699 | D:4      | Noticed Natasha
  4713 | D:4      | Killed Natasha
  4953 | D:5      | Entered Level 5 of the Dungeon
  5161 | D:5      | Reached skill level 7 in Stealth
  5583 | D:5      | Reached skill level 8 in Short Blades
  6301 | D:6      | Reached skill level 7 in Fighting
  6303 | D:6      | HP: 17/79 [ogre/cursed -2 giant spiked club (17)]
  6304 | D:6      | Reached skill level 8 in Stealth
  6308 | D:6      | HP: 12/79 [shadow imp (3)]
  6310 | D:6      | Reached *** piety under Trog
  6313 | D:6      | HP: 9/79 [poisoned by an orc]
  6418 | D:6      | Reached XP level 9. HP: 35/57 MP: 9/9
  6488 | D:6      | Reached skill level 9 in Short Blades
  6616 | D:6      | Identified the +6 short sword "Ylempaw" {drain, Dex+3}
  6638 | D:6      | Reached skill level 9 in Stealth
  7058 | D:7      | Reached skill level 8 in Fighting
  7478 | D:7      | Noticed a hippogriff
  7486 | D:7      | Killed a hippogriff
  7486 | D:7      | Reached skill level 10 in Short Blades
  7507 | D:7      | Reached skill level 10 in Stealth
  7518 | D:7      | Reached **** piety under Trog
  7807 | D:7      | Received a gift from Trog
  8127 | D:8      | Found Enuar's Weapon Shop.
  8194 | D:8      | Found an opulent altar of Gozag.
  8194 | D:8      | Found a snail-covered altar of Cheibriados.
  8194 | D:8      | Found a shimmering altar of Xom.
  8207 | D:8      | Noticed a two-headed ogre
  8221 | D:8      | Killed a two-headed ogre
  8221 | D:8      | Reached skill level 9 in Fighting
  8221 | D:8      | Reached skill level 11 in Stealth
  8221 | D:8      | Reached XP level 10. HP: 26/65 MP: 10/10
  8466 | D:8      | Found a runed gate.
  8466 | D:8      | Found a runed gate.
  8466 | D:8      | Found a runed gate.
  8466 | D:8      | Noticed Killmatronix's ghost (novice NaFi)
  8523 | D:8      | Reached skill level 11 in Short Blades
  8553 | D:8      | Found Emuamp's Magic Scroll Shop.
  9013 | D:8      | Found Feysitoo's Jewellery Shoppe.
  9049 | D:8      | You fall through a shaft!
  9052 | D:9      | Noticed a death yak
  9147 | D:8      | Found Quloulur's Book Shoppe.
  9325 | D:8      | Killed Killmatronix's ghost
  9346 | D:8      | Reached skill level 10 in Fighting
  9346 | D:8      | Reached skill level 12 in Stealth
  9640 | D:8      | Bought the ring of Ukukh {Dex+4 SInv} for 496 gold pieces
  9670 | D:9      | Found a deep blue altar of Sif Muna.
  9740 | D:9      | Reached skill level 3 in Dodging
  9843 | D:9      | Found a staircase to the Lair.
  9845 | D:9      | Noticed a death yak
  9869 | D:9      | Killed a death yak
  9869 | D:9      | Reached skill level 12 in Short Blades
  9869 | D:9      | Reached skill level 4 in Dodging
  9869 | D:9      | Reached XP level 11. HP: 72/72 MP: 11/11
  9917 | D:9      | Noticed a death yak
  9917 | D:9      | Noticed a death yak
  9919 | D:9      | Noticed a death yak
  9919 | D:9      | Noticed a death yak
  9947 | D:9      | Slain by a death yak

Vault maps used:
D:1:      roderic_crop_circles_arrival_small, dk_noncrumbling_3,
          minmay_misc_feat_four_crosses
D:2:      nicolae_overflow_crystal_walls, first_ration, uniq_sigmund
D:3:      nicolae_overflow_hidden_temple, uniq_grinder
D:4:      temple_fountains, serial_shops, shop_fountains, minmay_misc_feat_rows,
          uniq_natasha
D:5:      kennysheep_doodads
D:6:      serial_column_ruins, column_ruins_circle_small,
          column_ruins_corridor_corner, column_ruins_grid_1,
          column_ruins_corridor_straight, column_ruins_grid_3,
          column_ruins_open_small_water, column_ruins_open_tiny,
          column_ruins_corridor_corner, cheibrodos_sewer_entry_bend
D:8:      gammafunk_temple_overflow_claw, gammafunk_ghost_nasty_kobolds,
          serial_shops, shop, shop, shop, shop, serial_bayou_pond_c,
          grunt_pizzeria
D:9:      kennysheep_little_box, dpeg_lair_monsters, serial_shops, shop,
          kb_rosetta

Skill      XL: |  1  2  3  4  5  6  7  8  9 10 |
---------------+-------------------------------+-----
Stealth        | 1 2 4 5 6 8 11 12 | 12.0
Fighting       | 4 5 6 7 9 10 | 10.4
Short Blades   | 5 6 7 8 10 12 | 12.1
Dodging        | 4 |  4.1
Armour         | |  1.5

Action                   |  1- 3 |  4- 6 |  7- 9 | 10-12 || total
-------------------------+-------+-------+-------+-------++-------
Melee: Short sword       |    98 |   171 |   409 |    90 ||   768
       Dagger            |       |       |    70 |       ||    70
Invok: Berserk           |     2 |     5 |    11 |     3 ||    21
       Trog's Hand       |       |     5 |     3 |     2 ||    10
       Brothers in Arms  |       |       |       |     1 ||     1
  Use: Scroll            |       |     8 |     3 |       ||    11
       Potion            |       |     4 |     1 |     1 ||     6
 Stab: Sleeping          |     4 |    10 |    13 |     5 ||    32
       Distracted        |       |     1 |       |     1 ||     2
  Eat: Chunk             |    11 |    12 |    21 |    11 ||    55
Armor: Animal skin       |     7 |     8 |       |       ||    15
       Robe              |       |    17 |    69 |    10 ||    96
Dodge: Dodged            |    73 |    84 |   252 |    32 ||   441

Table legend:
 A = Non-vault XP
 B = Vault XP
 C = Vault XP percentage of total XP
 D = Non-vault monster count
 E = Vault monster count
 F = Vault count percentage of total count
                 A         B        C        D         E       F
            +---------+---------+-------+---------+---------+-------
      Total |    5681 |    2326 |  29.0 |     188 |      10 |   5.1
            +---------+---------+-------+---------+---------+-------
        D:1 |      39 |       0 |   0.0 |      21 |       0 |   0.0
        D:2 |      75 |     220 |  74.6 |      21 |       1 |   4.5
        D:3 |     130 |       0 |   0.0 |      23 |       0 |   0.0
        D:4 |     556 |      35 |   5.9 |      20 |       1 |   4.8
        D:5 |     557 |       0 |   0.0 |      22 |       0 |   0.0
        D:6 |     709 |       0 |   0.0 |      28 |       0 |   0.0
        D:7 |    1328 |       0 |   0.0 |      29 |       0 |   0.0
        D:8 |    1474 |    1203 |  44.9 |      12 |       7 |  36.8
        D:9 |     813 |     868 |  51.6 |      12 |       1 |   7.7
            +---------+---------+-------+---------+---------+-------

Vault maps used:
D:1:      roderic_crop_circles_arrival_small, dk_noncrumbling_3,
          minmay_misc_feat_four_crosses
D:2:      nicolae_overflow_crystal_walls, first_ration, uniq_sigmund
D:3:      nicolae_overflow_hidden_temple, uniq_grinder
D:4:      temple_fountains, serial_shops, shop_fountains, minmay_misc_feat_rows,
          uniq_natasha
D:5:      kennysheep_doodads
D:6:      serial_column_ruins, column_ruins_circle_small,
          column_ruins_corridor_corner, column_ruins_grid_1,
          column_ruins_corridor_straight, column_ruins_grid_3,
          column_ruins_open_small_water, column_ruins_open_tiny,
          column_ruins_corridor_corner, cheibrodos_sewer_entry_bend
D:8:      gammafunk_temple_overflow_claw, gammafunk_ghost_nasty_kobolds,
          serial_shops, shop, shop, shop, shop, serial_bayou_pond_c,
          grunt_pizzeria
D:9:      kennysheep_little_box, dpeg_lair_monsters, serial_shops, shop,
          kb_rosetta

Table legend:
 A = Turns spent in this place as a percentage of turns spent in the entire game.
 B = Non-inter-level travel turns spent in this place as a percentage of non-inter-level travel turns spent in the entire game.
 C = Inter-level travel turns spent in this place as a percentage of turns spent in this place.
 D = Turns resting spent in this place as a percentage of non-inter-level travel turns spent in this place.
 E = Turns spent auto-exploring this place as a percentage of non-inter-level travel turns spent in this place.
 F = Non-inter-level travel turns spent in this place divided by the number of levels of this place that you've seen.
                   A       B       C       D       E      F
               +-------+-------+-------+-------+-------+----------------------
         Total | 100.0 | 100.0 |   4.9 |  26.4 |  51.3 | 1050.9
       Dungeon | 100.0 | 100.0 |   4.9 |  26.4 |  51.3 | 1050.9
               +-------+-------+-------+-------+-------+----------------------

Table legend:
 A = Kills in this place as a percentage of kills in entire the game.
 B = Kills by you in this place as a percentage of kills by you in the entire game.
 C = Kills by friends in this place as a percentage of kills by friends in the entire game.
 D = Other kills in this place as a percentage of other kills in the entire game.
 E = Experience gained in this place as a percentage of experience gained in the entire game.
 F = Experience gained in this place divided by the number of levels of this place that you have seen.
                   A       B       C       D       E      F
               +-------+-------+-------+-------+-------+----------------------
         Total | 100.0 | 100.0 | 100.0 |   N/A | 100.0 | 889.7
       Dungeon | 100.0 | 100.0 | 100.0 |   N/A | 100.0 | 889.7
               +-------+-------+-------+-------+-------+----------------------
